 Dungeon Crawl Stone Soup version 0.25.0-11-g1f837a7 (webtiles) character file.

Game seed: 11399928651100361462

169 QuiteSome the Charmwright (level 5, -4/37 HPs)
             Began as a Draconian Skald on June 26, 2020.
             Was an Initiate of Nemelex Xobeh.
             Slain by a gnoll
             ... wielding a +0 spear
              (10 damage)
             ... on level 3 of the Dungeon.
             The game lasted 00:15:57 (3705 turns).

QuiteSome the Charmwright (Draconian Skald)         Turns: 3705, Time: 00:15:57

Health: -4/37      AC:  5    Str: 14    XL:     5   Next: 25%
Magic:  6/9        EV: 12    Int: 12    God:    Nemelex Xobeh [......]
Gold:   58         SH:  3    Dex: 12    Spells: 8/9 levels left

rFire    . . .     SeeInvis .   d - +0 club
rCold    . . .     Gourm    .   b - +0 buckler
rNeg     . . .     Faith    .   (armour unavailable)
rPois    .         Spirit   .   (helmet restricted)
rElec    .         Reflect  .   (no cloak)
rCorr    .         Harm     .   (no gloves)
MR       .....                  (no boots)
Stlth    +.........             (no amulet)
HPRegen  0.12/turn              (no ring)
MPRegen  0.11/turn              (no ring)

@: lightly drained
A: unfitting armour, agile 1, dopey 1, frail 1, sense surroundings 1,
cold-blooded, AC +5
a: Draw Escape, Draw Destruction, Draw Summoning, Renounce Religion


You were on level 3 of the Dungeon.
You worshipped Nemelex Xobeh.
Nemelex Xobeh was noncommittal.
You were not hungry.

You visited 1 branch of the dungeon, and saw 3 of its levels.

You collected 58 gold pieces.

Inventory:

Hand Weapons
 d - a +0 club (weapon)
 g - a +1 dagger of speed
Missiles
 a - 2 javelins (quivered)
 c - 2 boomerangs
Armour
 b - a +0 buckler (worn)
Scrolls
 h - a scroll of remove curse
Comestibles
 i - 2 rations


   Skills:
 + Level 2.4(2.2) Fighting
 * Level 3.1(2.9) Maces & Flails
 - Level 2.4(2.2) Dodging
 + Level 0.2(0.0) Stealth
 * Level 0.6(0.4) Shields
 - Level 2.0(1.8) Unarmed Combat
 + Level 2.8(2.6) Spellcasting
 + Level 3.4(3.2) Charms


You had 8 spell levels left.
You knew the following spells:

 Your Spells              Type           Power        Failure   Level  Hunger
a - Infusion              Chrm           #...         11%         1    #......

Your spell library contained the following spells:

 Spells                   Type           Power        Failure   Level  Hunger
 Song of Slaying          Chrm           #.......     16%         2    ###....
 Shroud of Golubria       Chrm/Tloc      #.....       30%         2    ###....
 Ozocubu's Armour         Chrm/Ice       #.......     52%         3    ###....
 Spectral Weapon          Hex/Chrm       #.......     52%         3    ###....


Dungeon Overview and Level Annotations

Branches:
Dungeon (3/15)

Altars:
Nemelex Xobeh
Okawaru
Trog
The Shining One


Innate Abilities, Weirdness & Mutations

Your plain brown scales are hard. (AC +5)
You cannot fit into any form of body armour.
You are cold-blooded and may be slowed by cold attacks.
You are agile. (Dex +2)
You are dopey. (Int -2)
You are frail. (-10% HP)
You passively map a small area around you.


Message History

The gnoll hits you with a cursed -3 flail.
* * * LOW HITPOINT WARNING * * *
The gnoll closely misses you.
You closely miss the gnoll.
The gnoll is severely wounded.
The gnoll closely misses you. The gnoll barely misses you.
You barely miss the gnoll.
The gnoll is severely wounded.
The gnoll hits you with a cursed -3 flail.
* * * LOW HITPOINT WARNING * * *
The gnoll barely misses you.
You closely miss the gnoll.
The gnoll is severely wounded.
The gnoll closely misses you. The gnoll barely misses you.
You hit the gnoll.
Your tail-slap misses the gnoll.
The gnoll is severely wounded.
You are no longer magically infusing your attacks.
The gnoll hits you from afar with a +0 spear!
You die...
Your body disappears without a glow.

##.#.######## .#
#...........##.#
#.#...#####.##.## #
#...### #.#...####
#.....# #........,
,##..#.###.#....## ,
#.g...##.##.#.#
#.##...#.........#
#...g@...#####.###
########## #.# #.#
###.##### #.......#
#.#.###.# #.#.# *
#.#.###.### ,
###########.#........


You could see 2 gnolls.

Vanquished Creatures
  An orc priest (D:3)
  A worker ant (D:2)
  A gnoll (D:3)
  An adder (D:2)
  An ooze (D:1)
  An adder skeleton (D:3)
  2 worms
  2 dart slugs (D:1)
  5 leopard geckos
  2 orcs
  7 bats
  3 giant cockroaches
  13 goblins
  10 hobgoblins
  4 jackals
  4 frilled lizards
  7 kobolds
  5 rats
70 creatures vanquished.

Notes
Turn   | Place    | Note
-------+----------+-------------------------------------------
     0 | D:1      | QuiteSome the Draconian Skald began the quest for the Orb.
     0 | D:1      | Reached XP level 1. HP: 17/17 MP: 3/3
   289 | D:1      | Reached XP level 2. HP: 17/24 MP: 0/5
   721 | D:1      | Reached XP level 3. HP: 12/30 MP: 0/6
   950 | D:1      | Reached skill level 1 in Maces & Flails
  1847 | D:2      | Gained mutation: You are frail. (-10% HP) [potion of
                  | mutation]
  1847 | D:2      | Gained mutation: You are agile. (Dex +2) [potion of
                  | mutation]
  1847 | D:2      | Gained mutation: You are dopey. (Int -2) [potion of
                  | mutation]
  1847 | D:2      | Gained mutation: You passively map a small area around you.
                  | [potion of mutation]
  2076 | D:2      | Found an iron altar of Okawaru.
  2124 | D:2      | Reached XP level 4. HP: 27/33 MP: 3/7
  2941 | D:2      | Found a sparkling altar of Nemelex Xobeh.
  2948 | D:2      | Found a bloodstained altar of Trog.
  2951 | D:2      | Found a glowing golden altar of the Shining One.
  3203 | D:2      | Became a worshipper of Nemelex Xobeh the Trickster
  3323 | D:3      | Received a gift from Nemelex Xobeh
  3387 | D:3      | Reached XP level 5. HP: 21/37 MP: 4/9
  3705 | D:3      | Slain by a gnoll

Illustrated notes

Levels and vault maps discovered:
D:1:      dpeg_arrival_tiny_g, layout_loops_ring
D:2:      layout_rooms, minmay_overflow_temple_star_quad, first_ration,
          minmay_crystal_water, minmay_misc_feat_nine_boxes,
          okawaru_altar_gauntlet_db
D:3:      layout_loops_corners, uniq_sigmund

Skill      XL: |  1  2  3  4  5 |
---------------+----------------+-----
Charms         | 3 |  3.4
Maces & Flails | 1 2 3 |  3.1
Fighting       | |  2.4
Dodging        | |  2.4
Stealth        | |  0.2
Shields        | |  0.6
Unarmed Combat | |  2.0
Spellcasting   | |  2.8

Action                   |  1- 3 |  4- 6 || total
-------------------------+-------+-------++-------
Melee: Club              |   147 |    97 ||   244
       Unarmed           |     5 |       ||     5
       Tailslap          |     9 |     4 ||    13
       Punch             |     1 |       ||     1
Throw: Boomerang         |     4 |       ||     4
       Javelin           |     2 |       ||     2
 Cast: Infusion          |    28 |    14 ||    42
Invok: Draw Destruction  |       |     2 ||     2
  Use: Potion            |     3 |       ||     3
       Scroll            |     2 |       ||     2
 Stab: Sleeping          |       |     1 ||     1
  Eat: Chunk             |     1 |     4 ||     5
       Ration            |     1 |     1 ||     2
Armor: Skin              |    67 |    26 ||    93
Dodge: Dodged            |   138 |    69 ||   207
Block: Buckler           |     4 |    14 ||    18
